AoeStats
← [PSCH] R!ce

Arabia

506642025Analyzed
1v1 RM · 18d ago on Sep 14, 2026· 33m 27s· 2 players
Game mode
Random Map
Map size
Tiny (2 player)
Population
200
Speed
Normal
Resources
Standard
Victory
Conquest
Starting age
Dark Age
Ending age
Imperial Age
RankedLock teamsTeams togetherTeam positionsShared explorationLock speedFull tech treeHidden civsTurbo modeCheats
Victory
Defeat
🇩🇰 Sicilians · Denmark
1543
+16
🇨🇭 Japanese · Switzerland
1537
-16
[PSCH] R!ce
6:49 Loom
9:12 Feudal Age
9:20 Man-at-Arms
16:27 Double-Bit Axe
19:36 Padded Archer Armor
23:40 Fletching
26:28 Castle Age
25:54 Horse Collar
27:03 Scale Mail Armor
27:14 Forging
26:32 Long Swordsman
26:37 Elite Skirmisher
29:14 Chain Mail Armor
VES Valdy
6:48 Loom
9:14 Feudal Age
9:51 Town Watch
16:42 Fletching
17:53 Horse Collar
25:39 Castle Age
24:41 Scale Mail Armor
25:58 Gold Mining
26:38 Chain Mail Armor
28:30 Forging
28:25 Crossbowman
Connection lost

Rejoining the realm…

Still unreachable

The connection could not be restored.

Session expired

The server has moved on; the page needs a fresh start.